 Dungeon Crawl Stone Soup version 0.24.0-123-gd5b16e6ec5 (webtiles) character file.

Game seed: 7201650751833462903, levelgen mode: deterministic

292 Gabryszard the Chopper (level 6, 0/56 HPs)
             Began as a Deep Dwarf Fighter on Jan 7, 2020.
             Slain by a gnoll
             ... wielding a +0 halberd
              (10 damage)
             ... on level 3 of the Dungeon.
             The game lasted 00:20:07 (948 turns).

Gabryszard the Chopper (Deep Dwarf Fighter)          Turns: 948, Time: 00:20:07

Health: 0/56       AC: 13    Str: 20 (21) XL:     6   Next: 10%
Magic:  6/6        EV:  4    Int:  9      God:
Gold:   63         SH:  9    Dex: 12      Spells: 5/5 levels left

rFire    . . .     SeeInvis +   a - +0 war axe
rCold    . . .     Gourm    .   c - +0 shield
rNeg     . . .     Faith    .   g - +0 plate armour (curse)
rPois    .         Spirit   .   m - +0 helmet
rElec    .         Reflect  .   (no cloak)
rCorr    .         Harm     .   (no gloves)
MR       .....                  (no boots)
Stlth    ..........             (no amulet)
HPRegen  0.00/turn              e - ring of see invisible
MPRegen  0.10/turn              (no ring)

@: non-regenerating
A: damage resistance, heal wounds, sense surroundings 1, no regeneration
a: Heal Wounds


You were on level 3 of the Dungeon.
You were not hungry.

You visited 1 branch of the dungeon, and saw 3 of its levels.

You collected 63 gold pieces.

Inventory:

Hand Weapons
 a - a +0 war axe (weapon)
Armour
 b - a +0 scale mail
 c - a +0 shield (worn)
 g - a cursed +0 plate armour (worn)
 m - a +0 helmet (worn)
Jewellery
 e - a ring of see invisible (left hand)
Comestibles
 f - 5 rations
 h - 4 chunks of flesh


   Skills:
 + Level 3.5 Fighting
 + Level 5.0 Axes
 + Level 4.2 Armour
 + Level 0.2 Dodging
 + Level 4.5 Shields


You had 5 spell levels left.
You didn't know any spells.
Your spell library was empty.

Dungeon Overview and Level Annotations

Branches:
Dungeon (3/15)

Altars:
Fedhas


Innate Abilities, Weirdness & Mutations

You are resistant to damage.
You can heal yourself by infusing magical energy.
You passively map a small area around you.
You do not regenerate.


Message History

The gnoll hits you but does no damage. x2
There is an open door here.
The gnoll hits you but does no damage. You block the gnoll's attack.
There is an open door here.
The gnoll hits you but does no damage. You block the gnoll's attack.
You block the gnoll's attack. The gnoll hits you with a +0 spear.
There is an open door here.
You hit the gnoll.
The gnoll is moderately wounded.
You hit the gnoll.
The gnoll hits you but does no damage. x2
You slash the gnoll!
You kill the gnoll!
You feel your strength returning.
Your shield and plate armour prevent you from hitting the gnoll.
The gnoll hits you with a +0 halberd. You block the gnoll's attack.
Things that are here:
a +0 spear; a gnoll corpse The gnoll hits you with a +0 halberd!
You die...

#####........................
#.................#..........
#..............#.......!....#
#.##....[......######.####...
#...<........#.# *.... ,..#
#####.##.#.#.#.# .#### ##
#.*#.....#.# #. #. #####g#.#
* #.* #.@..# #. #....# * #.
#.......# .. , ,#....##.# ,
.....# # ,,._....# , ,
.......# , , .⌠......# * , *
,.........# * *


You could see a gnoll.

Vanquished Creatures
  Grinder (D:3)
  2 gnolls (D:3)
  2 adders (D:2)
  2 worms (D:2)
  2 dart slugs (D:2)
  2 leopard geckos
  4 giant cockroaches
  7 goblins
  5 hobgoblins
  10 jackals
  5 kobolds
  A ball python (D:3)
  6 bats
  A frilled lizard (D:1)
  4 rats
54 creatures vanquished.

Notes
Turn   | Place    | Note
-------+----------+-------------------------------------------
     0 | D:1      | Gabryszard the Deep Dwarf Fighter began the quest for the
                  | Orb.
     0 | D:1      | Reached XP level 1. HP: 20/20 MP: 1/1
   170 | D:1      | Reached XP level 2. HP: 27/27 MP: 2/2
   401 | D:2      | Reached XP level 3. HP: 34/34 MP: 3/3
   452 | D:2      | Reached skill level 3 in Axes
   546 | D:2      | Found a faded altar of an unknown god.
   567 | D:2      | Reached XP level 4. HP: 28/42 MP: 4/4
   856 | D:3      | Noticed Grinder
   860 | D:3      | Paralysed by Grinder for 3 turns
   871 | D:3      | Paralysed by Grinder for 6 turns
   879 | D:3      | Paralysed by Grinder for 4 turns
   888 | D:3      | Paralysed by Grinder for 3 turns
   891 | D:3      | Killed Grinder
   891 | D:3      | Reached skill level 4 in Axes
   891 | D:3      | Reached XP level 5. HP: 12/49 MP: 5/5
   891 | D:3      | Reached XP level 6. HP: 13/56 MP: 6/6
   930 | D:3      | Found a blossoming altar of Fedhas.
   935 | D:3      | Reached skill level 5 in Axes
   948 | D:3      | Slain by a gnoll

Levels and vault maps discovered:
D:1:      dpeg_arrival_rhombi, layout_rooms
D:2:      layout_rooms, chequers_ecumenical_altar_simple
D:3:      layout_basic, grunt_temple_overflow_open, uniq_grinder

Skill      XL: |  1  2  3  4  5  6 |
---------------+-------------------+-----
Fighting       | 3 |  3.5
Axes           | 3 4 5 |  5.0
Armour         | 4 |  4.2
Shields        | 4 |  4.5
Dodging        | |  0.2

Action                   |  1- 3 |  4- 6 || total
-------------------------+-------+-------++-------
Melee: War axe           |   117 |    49 ||   166
  Use: Potion            |       |     5 ||     5
       Scroll            |       |     1 ||     1
  Eat: Chunk             |       |     1 ||     1
Armor: Plate armour      |   119 |    44 ||   163
Dodge: Dodged            |    19 |     9 ||    28
Block: Shield            |    92 |    35 ||   127
